 Dungeon Crawl Stone Soup version 0.22-a0-512-g0943f25562 (webtiles) character file.

31 Anathary the Firebug (level 3, 0/19 HPs)
             Began as a Tengu Fire Elementalist on June 17, 2018.
             Slain by an orc wizard
             ... wielding a +0 dagger
              (1 damage)
             ... on level 2 of the Dungeon.
             The game lasted 00:04:49 (758 turns).

Anathary the Firebug (Tengu Fire Elementalist)       Turns: 758, Time: 00:04:50

Health: 0/19       AC:  2    Str:  8    XL:     3   Next: 22%
Magic:  0/7        EV: 12    Int: 16    God:
Gold:   23         SH:  0    Dex: 14    Spells: 5/6 levels left

rFire    . . .     SeeInvis .   (no weapon)
rCold    . . .     Gourm    .   (no shield)
rNeg     . . .     Faith    .   a - +0 robe
rPois    .         Spirit   .   (helmet restricted)
rElec    .         Reflect  .   (no cloak)
rCorr    .         Harm     .   (no gloves)
MR       .....                  (boots unavailable)
Stlth    ++........             (no amulet)
HPRegen  0.06/turn              (no ring)
MPRegen  0.10/turn              (no ring)

@: very slightly contaminated
A: beak, talons 3
a: no special abilities


You were on level 2 of the Dungeon.
You were not hungry.

You visited 1 branch of the dungeon, and saw 2 of its levels.

You collected 23 gold pieces.

Inventory:

Armour
 a - a +0 robe (worn)
Scrolls
 b - a scroll of remove curse {unknown}
 d - a scroll of identify {unknown}
 f - a scroll of enchant armour {unknown}
Potions
 e - a potion of lignification {unknown}
Comestibles
 c - 2 rations


   Skills:
 + Level 2.2 Dodging
 + Level 2.3 Stealth
 + Level 0.4 Unarmed Combat
 + Level 2.3 Spellcasting
 + Level 1.5 Conjurations
 + Level 3.9 Fire Magic


You had 5 spell levels left.
You knew the following spells:

 Your Spells              Type           Power        Failure   Level  Hunger
a - Flame Tongue          Conj/Fire      ##...        6%          1    #......

Your spell library contained the following spells:

 Spells                   Type           Power        Failure   Level  Hunger
 Fireball                 Conj/Fire      ##........   87%         5    ######.
 Conjure Flame            Conj/Fire      ##......     19%         3    ###....
 Throw Flame              Conj/Fire      ##....       10%         2    ###....
 Sticky Flame             Conj/Fire      ##......     54%         4    #####..
 Inner Flame              Hex/Fire       #.......     26%         3    ###....


Dungeon Overview and Level Annotations

Branches:
Dungeon (2/15)

Altars:


Innate Abilities, Weirdness & Mutations

You have a beak for a mouth.
You have claws for feet.


Message History

You barely miss the orc. You peck the orc.
The orc is heavily wounded.
The orc hits you. The orc barely misses you.
You barely miss the orc.
The orc is heavily wounded.
The orc wizard closely misses you. The orc hits you but does no damage.
The orc closely misses you.
You hit the orc. You claw the orc.
The orc is severely wounded.
The orc wizard hits you with a dagger. The orc barely misses you.
You hit the orc.
You kill the orc!
The orc wizard points at you and mumbles some strange words.
The magic dart hits you!
* * * LOW HITPOINT WARNING * * *
The orc closely misses you.
You hit the orc wizard but do no damage.
The orc wizard is moderately wounded.
The orc wizard hits you with a dagger.
You die...

###.. #..% #o.
#o# #.# ##.#
#..# #
#####o##.###
##....)@....#
##......o.....#
#.............!#
#..............#
#..............#
#.<............#
#..............#
##............##
##..........


You could see an orc wizard and an orc.

Vanquished Creatures
  2 dart slugs
  3 orcs (D:2)
  2 bats (D:1)
  A giant cockroach (D:1)
  5 goblins (D:1)
  4 hobgoblins (D:1)
  A frilled lizard (D:1)
  2 kobolds (D:1)
  2 rats (D:1)
22 creatures vanquished.

Notes
Turn   | Place    | Note
-------+----------+-------------------------------------------
     0 | D:1      | Anathary the Tengu Fire Elementalist began the quest for the Orb.
     0 | D:1      | Reached XP level 1. HP: 10/10 MP: 4/4
    82 | D:1      | Reached XP level 2. HP: 12/15 MP: 0/6
   710 | D:2      | Reached XP level 3. HP: 19/19 MP: 5/7
   758 | D:2      | Slain by an orc wizard

Vault maps used:
D:1:      sevenhm_arrival_forest_fort_small_5, minivault_24
D:2:      serial_forest, infiniplex_forest_lined_2,
          infiniplex_forest_clump_medium, infiniplex_forest_clump_large,
          infiniplex_forest_lined_2

Action                   || total
-------------------------++-------
Melee: Unarmed           ||    16
       Kick              ||     3
       Peck              ||     1
 Cast: Flame Tongue      ||    37
Armor: Robe              ||     4
Dodge: Dodged            ||    14

Table legend:
 A = Spawn XP
 B = Non-spawn XP
 C = Spawn XP percentage of total XP
 D = Spawn monster count
 E = Non-spawn monster count
 F = Spawn count percentage of total count
 G = Total turns spent on level
                    A         B        C        D         E        F      G
               +---------+---------+-------+---------+---------+-------+---------
         Total |       0 |      45 |   0.0 |       0 |      22 |   0.0 |   758
               +---------+---------+-------+---------+---------+-------+---------
           D:1 |       0 |      32 |   0.0 |       0 |      18 |   0.0 |   703
           D:2 |       0 |      13 |   0.0 |       0 |       4 |   0.0 |    55
               +---------+---------+-------+---------+---------+-------+---------
